 Dungeon Crawl Stone Soup version 0.22.1-2-g9c5b331383 (webtiles) character file.

132 H0rd4k the Charlatan (level 5, 0/38 HPs)
             Began as a Human Artificer on Nov 22, 2018.
             Slain by a kobold
             ... wielding a +0 spear
              (2 damage)
             ... on level 2 of the Dungeon.
             The game lasted 00:05:53 (3378 turns).

H0rd4k the Charlatan (Human Artificer)              Turns: 3378, Time: 00:05:53

Health: 0/38       AC:  3    Str: 10 (12) XL:     5   Next: 38%
Magic:  7/7        EV: 12    Int: 11 (12) God:
Gold:   121        SH:  0    Dex: 12 (14) Spells: 4/4 levels left

rFire    . . .     SeeInvis .   a - +0 short sword
rCold    . . .     Gourm    .   (no shield)
rNeg     . . .     Faith    .   b - +0 leather armour
rPois    .         Spirit   .   (no helmet)
rElec    .         Reflect  .   (no cloak)
rCorr    .         Harm     .   (no gloves)
MR       .....                  (no boots)
Stlth    +.........             (no amulet)
HPRegen  0.12/turn              (no ring)
MPRegen  0.10/turn              (no ring)

@: no status effects
A: no striking features
a: no special abilities


You were on level 2 of the Dungeon.
You were hungry.

You visited 1 branch of the dungeon, and saw 4 of its levels.

You collected 121 gold pieces.

Inventory:

Hand Weapons
 a - a +0 short sword (weapon)
Missiles
 j - 7 tomahawks (quivered)
 n - 32 arrows
 s - 21 sling bullets
Armour
 b - a +0 leather armour (worn)
 g - a +0 helmet
 r - a cursed +0 shield
Jewellery
 l - an uncursed ring of magical power {unknown}
Wands
 d - a wand of enslavement (14)
 e - a wand of random effects (16)
Scrolls
 c - a scroll of amnesia {unknown}
 h - 7 scrolls of identify {unknown}
 i - 2 scrolls of remove curse {unknown}
 k - 6 scrolls of teleportation {unknown}
 m - 2 scrolls of enchant armour {unknown}
 o - 2 scrolls of fog {unknown}
Potions
 p - a potion of agility {unknown}
 q - a potion of brilliance {unknown}
Comestibles
 f - 6 rations


   Skills:
 + Level 1.7 Fighting
 + Level 2.1 Short Blades
 * Level 1.2 Throwing
 + Level 1.6 Armour
 + Level 2.5 Dodging
 + Level 1.3 Stealth
 + Level 3.7 Evocations


You had 4 spell levels left.
You didn't know any spells.
Your spell library was empty.

Dungeon Overview and Level Annotations

Branches:
Dungeon (4/15)
 Temple: D:4-7

Altars:
Xom

Annotations:
D:2 Natasha, Terence
D:3 exclusions: downstairs and upstairs


Message History

The shadow imp gestures at you.
You barely resist. Natasha barely misses you.
You hit Natasha.
Natasha is severely wounded.
The kobold hits you from afar with a spear.
* * * LOW HITPOINT WARNING * * *
The shadow imp misses you. Natasha claws you.
* * * LOW HITPOINT WARNING * * *
You closely miss Natasha.
Natasha is severely wounded.
The kobold misses you.
Natasha casts a spell.
The shadow imp barely misses you.
Evoke which item? (* to show all) (? for menu, Esc to quit)
Aiming: Random Effects
Press: ? - help, Shift-Dir - straight line, f - Natasha
Aim: Natasha (severely wounded) Natasha resists with significant effort.
The kobold hits you from afar with a spear.
You die...

......# ...##.## #.. K.#
...##..# ... .#.# ...###.##
..# #...$ ...# #..# ..#
#..... ...# ##.# ..#....
...# #.####### ...w . .#
#######..##...######.###...#
..........'....5@hK5......<.
########.##...####s#.#....##
#..#...#....#.#.#[..!
##@#.((#.##.#.#.# ###
#.#...#.##.#.#.#########
#.....#.##.............#
##.###.......#.#######.# #.#
#..##.###.# #.# #.. #..##.#
#.# #.#


You could see Natasha, a crimson imp, a shadow imp, a giant cockroach and a
kobold.

Vanquished Creatures
  6 adders
  An ooze (D:2)
  2 worms
  A dart slug (D:2)
  A leopard gecko (D:3)
  An orc (D:3)
  10 bats
  4 giant cockroaches
  6 goblins
  6 hobgoblins (D:1)
  6 jackals (D:1)
  7 kobolds
  A ball python (D:3)
  5 frilled lizards
  4 rats
61 creatures vanquished.

Notes
Turn   | Place    | Note
-------+----------+-------------------------------------------
     0 | D:1      | H0rd4k the Human Artificer began the quest for the Orb.
     0 | D:1      | Reached XP level 1. HP: 15/15 MP: 3/3
   273 | D:1      | Reached XP level 2. HP: 20/21 MP: 4/4
   536 | D:1      | Reached XP level 3. HP: 10/26 MP: 5/5
  1160 | D:2      | Reached skill level 1 in Armour
  1198 | D:1      | Reached XP level 4. HP: 12/32 MP: 6/6
  1986 | D:2      | Found a shimmering altar of Xom.
  2026 | D:2      | Noticed Terence
  2201 | D:3      | Reached skill level 1 in Throwing
  2299 | D:3      | HP: 1/32 [orc/flail (7)]
  2639 | D:3      | Reached XP level 5. HP: 35/37 MP: 7/7
  3361 | D:2      | Noticed Natasha
  3378 | D:2      | Slain by a kobold

Skill      XL: |  1  2  3  4 |
---------------+-------------+-----
Armour         | 1 |  1.6
Short Blades   | 2 |  2.1
Throwing       | 1 |  1.2
Fighting       | |  1.7
Dodging        | |  2.5
Stealth        | |  1.3
Evocations     | |  3.7

Action                   |  1- 3 |  4- 6 || total
-------------------------+-------+-------++-------
Melee: Short sword       |   133 |   141 ||   274
Evoke: Wand              |     5 |    22 ||    27
  Use: Potion            |       |     1 ||     1
 Stab: Sleeping          |     2 |     1 ||     3
  Eat: Chunk             |     1 |     3 ||     4
       Ration            |       |     1 ||     1
Armor: Leather armour    |    63 |    37 ||   100
Dodge: Dodged            |   141 |   113 ||   254
